 Dungeon Crawl Stone Soup version 0.31-a0-771-g505c3d19dc (webtiles) character file.

Game seed: 463198038403571628

611 Psyclone the Firebug (level 7, -1/32 HPs)
             Began as an Octopode Fire Elementalist on Sept 16, 2023.
             Slain by a sky beast (4 damage)
             ... on level 5 of the Dungeon.
             The game lasted 00:14:15 (4441 turns).

Psyclone the Firebug (Octopode Fire Elementalist)   Turns: 4441, Time: 00:14:16

Health: -1/32      AC:  1    Str:  7    XL:     7   Next: 44%
Magic:  8/13       EV: 13    Int: 19    God:
Gold:   1143       SH:  0    Dex: 13    Spells: 9/15 levels left

rFire   . . .        a - +2 dagger (venom)
rCold   . . .        (no shield)
rNeg    . . .        (helmet restricted)
rPois   .            b - amulet of regeneration
rElec   .            (no ring)
rCorr   .            (no ring)
SInv    .            (no ring)
Will    .....        (no ring)
Stlth   +++          (no ring)
HPRegen 1.05/turn    (no ring)
MPRegen 0.13/turn    (no ring)
                     (no ring)

%: no passive effects
@: invisible
A: almost no armour, amphibious, 8 rings, camouflage 1, gelatinous body 1,
(nimble swimmer 1), tentacles, frail 2
a: no special abilities


You were on level 5 of the Dungeon.
You visited 2 branches of the dungeon, and saw 6 of its levels.

You collected 1143 gold pieces.

Inventory:

Hand Weapons
 a - a +2 dagger of venom (weapon)
Missiles
 j - 3 curare-tipped darts
Jewellery
 b - an amulet of regeneration (around mantle)
Scrolls
 f - a scroll of teleportation
 g - a scroll of revelation
 i - a scroll of fog
Potions
 c - a potion of magic
 d - a potion of enlightenment
 e - a potion of haste


   Skills:
 - Level 2.0 Dodging
 - Level 2.6 Stealth
 + Level 4.5 Spellcasting
 + Level 4.4 Conjurations
 + Level 5.3 Fire Magic


You had 9 spell levels left.
You knew the following spells:

 Your Spells              Type           Power      Damage    Failure   Level
a - Foxfire               Conj/Fire      88%        2x1d8     1%          1
b - Scorch                Fire           48%        2d7       2%          2
e - Inner Flame           Hex/Fire       14%        N/A       13%         3

Your spell library contained the following spells:

 Spells                   Type           Power      Damage    Failure   Level
 Volatile Blastmotes      Fire/Tloc      28%        2d12      13%         3
 Flame Wave               Conj/Fire      22%        2d8       17%         4
 Summon Guardian Golem    Hex/Summ       4%         N/A       36%         3
 Orb of Destruction       Conj           10%        9d6       100%        7
 Spellforged Servitor     Conj/Summ      6%         N/A       100%        7


Dungeon Overview and Level Annotations

Branches:
Dungeon (5/15) Zot: 25621  Temple (1/1) D:4 Zot: 5954

Altars:
Dithmenos
Elyvilon
Fedhas
Kikubaaqudgha
Okawaru
Qazlal
Ru
Sif Muna
Trog
Vehumet
Zin
The Shining One

Shops:
D:2 :   D:4 (   D:5 :


Innate Abilities, Weirdness & Mutations

You cannot wear most types of armour.
You are amphibious.
You can wear up to eight rings at the same time.
Your skin changes colour to match your surroundings (Stealth+).
Your rubbery body absorbs attacks. (AC +1, EV +1)
((You are camouflaged when in or above water. (Stealth+)))
You have tentacles for arms and can constrict up to eight enemies at once.
You are very frail. (-20% HP)


Message History

You now have 8/13 mp.
Casting: Foxfire (safe; 1% risk of failure)
Confirm with . or Enter, or press ? or * to list all spells.
You conjure some foxfire!
The foxfire hits the sky beast.
The sky beast is heavily wounded.
You now have 7/13 mp.
You closely miss the sky beast.
You squeeze the sky beast, but do no damage.
The sky beast is heavily wounded.
The foxfire hits the sky beast but does no damage.
The sky beast is heavily wounded.
The foxfire hits the sky beast.
The sky beast is heavily wounded.
The sky beast flickers out of sight!
Deactivating autopickup; reactivate with Ctrl-A.
Something hits you. Something shocks you.
You take 8 damage, and have 24/32 hp.
MASSIVE DAMAGE!!
You closely miss something. Something hits you. Something shocks you.
You take 7 damage, and have 17/32 hp.
MASSIVE DAMAGE!!
You closely miss something. Your squeeze misses something.
A sky beast appears from thin air!
Reactivating autopickup.
The sky beast misses you.
You completely miss the sky beast. You squeeze the sky beast.
The sky beast is severely wounded.
The sky beast closely misses you.
You closely miss the sky beast. Your squeeze misses the sky beast.
The sky beast is severely wounded.
The sky beast flickers out of sight!
Deactivating autopickup; reactivate with Ctrl-A.
Something hits you. Something shocks you.
You take 7 damage, and have 12/32 hp.
MASSIVE DAMAGE!!
You closely miss something. Something hits you.
* * * LOW HITPOINT WARNING * * *
Something shocks you.
* * * LOW HITPOINT WARNING * * *
You take 10 damage, and have 2/32 hp.
MASSIVE DAMAGE!!
You fade into invisibility!
Something hits you.
You die...

##............#
#.........#.#.#
#....<†.....^.
#......~..#.#
#............#
#.##......####
# ##......#
#####.{#
#.....@#
#.####.# #.#
#.# ..# .## .
#.


There were no monsters in sight!

Vanquished Creatures
  A black bear (D:4)
  An ogre (D:5)
  A phantom (D:4)
  3 hounds
  A jelly (D:4)
  An iguana (D:4)
  2 orc wizards (D:4)
  7 adders
  An ufetubus (D:4)
  2 worms
  12 orcs
  12 ball pythons
  10 endoplasms
  2 giant cockroaches
  4 goblins
  5 hobgoblins
  5 jackals
  8 kobolds
  5 quokkas
  3 bats
  3 frilled lizards
  6 rats
95 creatures vanquished.

Vanquished Creatures (collateral kills)
  A foxfire (D:4)
1 creature vanquished.

Vanquished Creatures (others)
  297 foxfires
297 creatures vanquished.

Grand Total: 393 creatures vanquished

Notes
Turn   | Place    | Note
-------+----------+-------------------------------------------
     0 | D:1      | Psyclone the Octopode Fire Elementalist began the quest for
                  | the Orb.
     0 | D:1      | Reached XP level 1. HP: 11/11 MP: 3/3
   266 | D:1      | Reached XP level 2. HP: 17/17 MP: 0/5
  1006 | D:1      | Reached XP level 3. HP: 21/21 MP: 4/6
  1009 | D:1      | Learned a level 2 spell: Scorch
  1105 | D:1      | Gained mutation: You are frail. (-10% HP) [potion of
                  | mutation]
  1105 | D:1      | Gained mutation: You are very frail. (-20% HP) [potion of
                  | mutation]
  1110 | D:1      | Learned a level 3 spell: Inner Flame
  1397 | D:2      | Found Ukheivir's Book Emporium.
  1811 | D:2      | Reached XP level 4. HP: 21/21 MP: 4/8
  3179 | D:4      | Reached skill level 4 in Fire Magic
  3179 | D:4      | Reached XP level 5. HP: 24/24 MP: 6/9
  3404 | D:4      | Found Buocvu Doli's Antique Weapon Boutique.
  3710 | D:4      | Found a staircase to the Ecumenical Temple.
  3718 | Temple   | Entered the Ecumenical Temple
  3859 | D:4      | Noticed a black bear
  3878 | D:4      | Killed a black bear
  3879 | D:4      | Reached XP level 6. HP: 14/28 MP: 4/11
  4139 | D:4      | Found a bloodstained altar of Trog.
  4238 | D:4      | Reached skill level 5 in Fire Magic
  4240 | D:4      | Reached XP level 7. HP: 23/32 MP: 5/13
  4301 | D:4      | Identified a scroll of acquirement
  4301 | D:4      | Acquired 961 gold pieces
  4420 | D:5      | Entered Level 5 of the Dungeon
  4420 | D:5      | Found Qeodiej's Vocational Training.
  4441 | D:5      | Slain by a sky beast

Illustrated notes

Levels and vault maps discovered:
D:1:      dpeg_arrival_shelter, layout_loops_cross, minmay_stone_trees_small
D:2:      layout_basic, serial_shops, nicolae_shop_pleasant_corner_grove,
          supply_closet_lemuel
D:3:      layout_basic, grunt_ministairs_8
D:4:      minmay_octagon_keep, layout_loops_ring, lemuel_round_altar,
          minmay_temple_entry_grid, serial_shops,
          nicolae_shop_overgrown_old_shop
D:5:      layout_loops_ring, amcnicky_altar_gilded, tgw_xom,
          kennysheep_mini_moat, nicolae_shop_vocational, uniq_prince_ribbit1
Temple:   chequers_temple_sunken

Skill      XL: |  1  2  3  4  5  6 |
---------------+-------------------+-----
Conjurations   | 2 3 4 |  4.4
Spellcasting   | 3 4 |  4.5
Fire Magic     | 4 5 |  5.3
Dodging        | |  2.0
Stealth        | |  2.6

Action                     |  1- 3 |  4- 6 |  7- 9 || total
---------------------------+-------+-------+-------++-------
  Melee: Dagger            |     6 |    59 |     7 ||    72
         Constrict         |     1 |    13 |       ||    14
         Tentacles         |       |    13 |     2 ||    15
   Cast: Foxfire           |    75 |   106 |     7 ||   188
         Scorch            |       |     2 |       ||     2
    Use: Scroll            |     3 |     3 |     3 ||     9
         Potion            |     2 |     4 |     1 ||     7
   Stab: Sleeping          |     2 |     1 |       ||     3
 Armour: Skin              |     4 |    51 |     5 ||    60
  Dodge: Dodged            |     9 |    42 |     5 ||    56

Table legend: (Time is in decaauts)
 A = Elapsed time spent in this place.
 B = Non-inter-level travel time spent in this place.
 C = Inter-level travel time spent in this place.
 D = Time resting spent in this place.
 E = Time spent auto-exploring this place.
 F = Levels seen in this place.
 G = Mean time per level.
                   A        B        C        D        E       F      G
               +--------+--------+--------+--------+--------+-----+--------+
         Total |   4423 |   4332 |     91 |    309 |   3309 |   6 |  737.2 |
       Dungeon |   4377 |   4286 |     91 |    309 |   3309 |   5 |  875.4 |
        Temple |     45 |     45 |      0 |      0 |      0 |   1 |   45.0 |
               +--------+--------+--------+--------+--------+-----+--------+

Top non-repeatable levels by time:
     D:4: 1241 daAuts
     D:1: 1121 daAuts
     D:3: 1039 daAuts
     D:2: 953 daAuts
  Temple: 45 daAuts
     D:5: 20 daAuts
